 Dungeon Crawl Stone Soup version 0.21-a0-221-gfe971b9 (webtiles) character file.

9 Gorglomux the Digger (level 2, -1/24 HPs)
             Began as a Hill Orc Earth Elementalist on Aug 26, 2017.
             Killed from afar by a dart slug (5 damage)
             ... with a slug dart
             ... on level 1 of the Dungeon.
             The game lasted 00:00:36 (118 turns).

Gorglomux the Digger (Hill Orc Earth Elementalist)   Turns: 118, Time: 00:00:37

Health: -1/24      AC:  2    Str: 10    XL:     2   Next: 16%
Magic:  1/4        EV: 12    Int: 15    God:
Gold:   0          SH:  0    Dex: 11    Spells: 3/4 levels left

rFire    . . .     SeeInvis .   f - +0 dagger
rCold    . . .     Gourm    .   (no shield)
rNeg     . . .     Faith    .   c - +0 robe
rPois    .         Spirit   .   (no helmet)
rElec    .         Reflect  .   (no cloak)
rCorr    .         Harm     .   (no gloves)
MR       .....                  (no boots)
Stlth    ++........             (no amulet)
HPRegen  0.08/turn              (no ring)
MPRegen  0.09/turn              (no ring)

@: no status effects
A: no striking features
a: no special abilities


You were on level 1 of the Dungeon.
You were not hungry.

You visited 1 branch of the dungeon, and saw 1 of its levels.

Inventory:

Hand Weapons
 f - a +0 dagger (weapon)
Missiles
 b - 19 stones (quivered)
Armour
 c - a +0 robe (worn)
Books
 e - a book of Geomancy

   Spells                             Type                      Level
   a - Sandblast                      Earth                        1
   b - Passwall                       Transmutation/Earth          2
   c - Stone Arrow                    Conjuration/Earth            3
   d - Petrify                        Transmutation/Earth          4
   e - Lee's Rapid Deconstruction     Earth                        5
Comestibles
 d - a bread ration


   Skills:
 + Level 2.1 Fighting
 - Level 1.5 Dodging
 - Level 1.5 Stealth
 - Level 1.5 Spellcasting
   Level 0.6 Transmutations
 - Level 3.0 Earth Magic


You had 3 spell levels left.
You knew the following spells:

 Your Spells              Type           Power        Failure   Level  Hunger
a - Sandblast             Erth           ##....       7%          1    ##.....


Dungeon Overview and Level Annotations

Branches:
Dungeon (1/15)

Altars:


Message History

The jackal closely misses you!
You skewer the jackal but do no damage!
The jackal is severely wounded!
The jackal bites you! * * * don't die
* * * The dart slug barely misses you!
You barely miss the jackal!
The jackal is severely wounded!
The jackal misses you! The jackal completely misses you!
The dart slug closely misses you!
You closely miss the butt!
The jackal is severely butt!
The jackal bites you! * * * don't die
* * * You stick the jackal but do no damage!
The jackal is severely wounded!
The jackal completely misses you! The dart slug launches a dart at you!
The slug dart hits you!!! rip

#.#.#.#.############
...............#...####
#.#.#.#................
............####...#...
#.#.#.#..#.............
.......................
#.#.#.#..######.......?
..........?# #h##.#...
#.#.#.####.# #@# #
....## #.####w##.###.
.. #...##$...?.w.
##........####
#...###.## #.#..# ##
#..##... ...## ####
####


You could see a dart slug and a jackal.

Vanquished Creatures
  A dart slug (D:1)
  2 hobgoblins (D:1)
  A jackal (D:1)
  2 kobolds (D:1)
  2 bats (D:1)
8 creatures vanquished.

Notes
Turn   | Place    | Note
-------+----------+-------------------------------------------
     0 | D:1      | Gorglomux the Hill Orc Earth Elementalist began the quest for the Orb.
     0 | D:1      | Reached XP level 1. HP: 14/14 MP: 3/3
    24 | D:1      | Reached skill level 1 in Fighting
    84 | D:1      | Reached XP level 2. HP: 13/24 MP: 1/4
   118 | D:1      | Killed from afar by a dart slug

Vault maps used:
D:1:      lightli_molten_gateway, st_stairs_10

Skill      XL: |  1  2 |
---------------+-------+-----
Fighting       | 1 2 |  2.1
Dodging        | |  1.5
Stealth        | |  1.5
Spellcasting   | |  1.5
Transmutations | |  0.6
Earth Magic    | |  3.0

Action                   || total
-------------------------++-------
Melee: Unarmed           ||     5
       Dagger            ||     9
 Cast: Sandblast         ||    11
Armor: Robe              ||     8
Dodge: Dodged            ||    36

Table legend:
 A = Spawn XP
 B = Non-spawn XP
 C = Spawn XP percentage of total XP
 D = Spawn monster count
 E = Non-spawn monster count
 F = Spawn count percentage of total count
 G = Total turns spent on level
                    A         B        C        D         E        F      G
               +---------+---------+-------+---------+---------+-------+---------
         Total |       0 |      14 |   0.0 |       0 |       8 |   0.0 |   118
               +---------+---------+-------+---------+---------+-------+---------
           D:1 |       0 |      14 |   0.0 |       0 |       8 |   0.0 |   118
               +---------+---------+-------+---------+---------+-------+---------
